 Dungeon Crawl Stone Soup version 0.29.0-7-g18a832c13a (webtiles) character file.

Game seed: 12432502818366131382

2821 Woods the Basher (level 9, -1/54 HPs)
             Began as a Gargoyle Fighter on Aug 30, 2022.
             Slain by Erica
             ... wielding a +2 scimitar of flaming
              (11 damage)
             ... on level 8 of the Dungeon.
             The game lasted 00:18:17 (10057 turns).

Woods the Basher (Gargoyle Fighter)                Turns: 10057, Time: 00:18:18

Health: -1/54      AC: 15    Str: 21    XL:     9   Next: 73%
Magic:  9/9        EV:  9    Int: 10    God:
Gold:   307        SH:  4    Dex: 11    Spells: 8/8 levels left

rFire   . . .      SeeInvis .   K - +2 mace
rCold   . . .      Faith    .   c - +0 buckler
rNeg    + . .      Spirit   .   b - +0 scale mail
rPois   ∞          Reflect  .   f - +0 helmet
rElec   +          Harm     .   (no cloak)
rCorr   .          Rampage  .   (no gloves)
Will    .....                   x - +0 pair of boots
Stlth   ..........              (no amulet)
HPRegen 0.18/turn               (no ring)
MPRegen 0.11/turn               (no ring)

@: mighty, slowed, very slow
A: sickness immunity, AC +6, negative energy resistance 1, electricity
resistance, torment resistance 1, petrification resistance
a: no special abilities


You were on level 8 of the Dungeon.
You visited 2 branches of the dungeon, and saw 10 of its levels.

You collected 387 gold pieces.
You spent 80 gold pieces at shops.

Inventory:

Hand Weapons
 a - a +0 flail
 K - a +2 mace (weapon)
Armour
 b - a +0 scale mail (worn)
 c - a +0 buckler (worn)
 f - a +0 helmet (worn)
 n - a +0 plate armour
 x - a +0 pair of boots (worn)
Jewellery
 e - an amulet of reflection
 t - an amulet of the acrobat
Wands
 d - a wand of charming (12)
 E - a wand of roots (5)
 I - a wand of light (5)
Scrolls
 g - 2 scrolls of teleportation
 k - 7 scrolls of enchant weapon
 p - a scroll of blinking {unknown}
 q - a scroll of acquirement {unknown}
 r - a scroll of fog {unknown}
 u - 3 scrolls of fear {unknown}
 v - a scroll of amnesia {unknown}
 y - 2 scrolls of torment {unknown}
 C - a scroll of silence {unknown}
 D - 2 scrolls of vulnerability {unknown}
 F - a scroll of summoning {unknown}
 G - 2 scrolls of magic mapping {unknown}
 L - a scroll of immolation {unknown}
Potions
 h - 2 potions of brilliance {unknown}
 i - 4 potions of curing
 j - a potion of haste
 l - 3 potions of attraction {unknown}
 m - a potion of lignification {unknown}
 o - 3 potions of heal wounds {unknown}
 s - a potion of cancellation {unknown}
 w - a potion of experience {unknown}
 z - a potion of resistance {unknown}
 A - a potion of ambrosia {unknown}
 B - a potion of flight {unknown}
 H - a potion of mutation {unknown}


   Skills:
 - Level 5.0 Fighting
 + Level 12.7 Maces & Flails
 - Level 3.2 Armour
 - Level 3.2 Shields


You had 8 spell levels left.
You didn't know any spells.
Your spell library contained the following spells:

 Spells                   Type           Power      Damage    Failure   Level
 Summon Small Mammal      Summ           0%         N/A       80%         1
 Ensorcelled Hibernation  Hex/Ice        0%         N/A       90%         2
 Poisonous Vapours        Pois/Air       0%         N/A       90%         2
 Call Canine Familiar     Summ           0%         N/A       99%         3
 Conjure Flame            Conj/Fire      0%         6-21      99%         3
 Dazzling Flash           Conj/Hex       0%         N/A       99%         3
 Ignite Poison            Fire/Tmut/Pois 0%         N/A       99%         3
 Spider Form              Tmut/Pois      0%         N/A       99%         3
 Summon Guardian Golem    Hex/Summ       0%         N/A       99%         3
 Tukima's Dance           Hex            0%         N/A       99%         3
 Anguish                  Hex/Necr       0%         N/A       100%        4
 Corpse Rot               Necr/Pois/Air  0%         N/A       100%        4
 Iskenderun's Mystic Bla  Conj/Tloc      0%         2d3       100%        4
 Passage of Golubria      Tloc           0%         N/A       100%        4
 Sticky Flame             Conj/Fire      0%         2d3       100%        4
 Yara's Violent Unravell  Hex/Tmut       0%         3d3       100%        5
 Starburst                Conj/Fire      0%         6d3       100%        6


Dungeon Overview and Level Annotations

Branches:
Dungeon (9/15)             Temple (1/1) D:5
   Lair: D:8-11         Orc: D:9-12

Altars:
Ashenzari
Cheibriados
Dithmenos
Elyvilon
Nemelex Xobeh
Okawaru
Qazlal
Sif Muna
Trog
Wu Jian
Xom
Yredelemnul
Zin
The Shining One

Shops:
D:2 *?   D:6 [

Annotations:
D:7 Prince Ribbit
D:8 Erica


Innate Abilities, Weirdness & Mutations

You are immune to sickness and miasma.
Your stone body is resilient. (AC +6)
You are immune to poison.
You resist negative energy. (rN+)
You are resistant to electric shocks. (rElec)
You are resistant to unholy torment.
You are immune to petrification.


Message History

Erica casts a spell at you. The lance of force hits you.
You are knocked back by the lance of force.
You slam into the rock wall!
Erica hits you but does no damage.
You hit Erica.
Erica is moderately wounded.
You sock Erica!
Erica is severely wounded.
Erica hits you with a +2 scimitar of flaming.
Erica burns you.
You hit Erica.
Erica is severely wounded.
Erica hits you but does no damage.
You closely miss Erica.
Erica is severely wounded.
Erica casts a spell at you.
You feel yourself slow down.
You barely miss Erica.
Erica is severely wounded.
Erica casts a spell at you.
You are confused.
Erica attacks as you move away!
Erica hits you with a +2 scimitar of flaming.
Erica burns you. Erica casts a spell at you. The lance of force hits you.
You are knocked back by the lance of force.
You slam into the rock wall!
You bump into the rock wall.
Erica barely misses you.
You bump into the rock wall.
Erica hits you with a +2 scimitar of flaming!
Erica burns you.
Erica hits you with a +2 scimitar of flaming!
* * * LOW HITPOINT WARNING * * *
Erica burns you.
* * * LOW HITPOINT WARNING * * *
You feel very mighty all of a sudden.
You feel less confused.
Erica hits you with a +2 scimitar of flaming!
You die...

#.#.#.#..#.#.# #.#
#.#.#....#.#.# #.#
#.#.####.#.#.# #.#
#.#........#.# #.#
#.#.#....#.#.# #.#
#.####.#####.# #.#
#......<...#.# #.#
##########.#.####.#
.......@@#.#......#
########)#.########
#..........#
.........######.#
##########


You could see Erica.

Vanquished Creatures
  Maggie (D:7)
  Sigmund (D:5)
  A water moccasin (D:6)
  3 black bears
  A sky beast (D:8)
  An ice beast (D:5)
  An ogre (D:5)
  3 phantoms (D:5)
  A necrophage (D:3)
  4 scorpions
  13 wights
  An electric eel (D:6)
  A howler monkey (D:4)
  2 orc priests (D:6)
  A hound (D:5)
  An iguana (D:6)
  3 jellies
  An orc wizard (D:5)
  7 gnolls
  6 adders
  A white imp (D:5)
  A worm (D:2)
  3 dart slugs
  10 orcs
  4 endoplasms
  2 giant cockroaches
  4 goblins
  9 hobgoblins
  11 jackals
  7 quokkas
  4 ball pythons
  8 bats
  A frilled lizard (D:1)
  10 kobolds
  7 rats
135 creatures vanquished.

Vanquished Creatures (others)
  An orc wizard (D:5)
1 creature vanquished.

Grand Total: 136 creatures vanquished

Notes
Turn   | Place    | Note
-------+----------+-------------------------------------------
     0 | D:1      | Woods the Gargoyle Fighter began the quest for the Orb.
     0 | D:1      | Reached XP level 1. HP: 14/14 MP: 1/1
   411 | D:1      | Reached XP level 2. HP: 18/19 MP: 2/2
   757 | D:1      | Reached XP level 3. HP: 18/24 MP: 3/3
  1179 | D:2      | Reached skill level 3 in Maces & Flails
  1455 | D:2      | Found Pakleg's Magic Scroll Shoppe.
  1463 | D:2      | Bought a scroll of identify for 20 gold pieces
  1463 | D:2      | Bought a scroll of teleportation for 30 gold pieces
  1463 | D:2      | Bought a scroll of teleportation for 30 gold pieces
  1478 | D:2      | Found a shadowy altar of Dithmenos.
  1586 | D:2      | Found Ahaxad's General Store.
  1793 | D:2      | Reached XP level 4. HP: 30/30 MP: 4/4
  2510 | D:3      | Noticed a scorpion
  2524 | D:3      | Killed a scorpion
  2525 | D:3      | Reached skill level 5 in Fighting
  2525 | D:3      | Reached skill level 4 in Maces & Flails
  2525 | D:3      | Reached XP level 5. HP: 29/35 MP: 5/5
  2631 | D:3      | Found a faded altar of an unknown god.
  2869 | D:3      | Reached skill level 5 in Maces & Flails
  2869 | D:3      | Reached XP level 6. HP: 33/40 MP: 6/6
  2953 | D:3      | Found a sparkling altar of Nemelex Xobeh.
  4144 | D:5      | Entered Level 5 of the Dungeon
  4284 | D:5      | Noticed a black bear
  4316 | D:5      | Noticed an ice beast
  4325 | D:5      | Killed an ice beast
  4326 | D:5      | Reached skill level 6 in Maces & Flails
  4326 | D:5      | Reached XP level 7. HP: 19/44 MP: 7/7
  4581 | D:5      | Noticed Sigmund
  4604 | D:5      | Killed Sigmund
  4605 | D:5      | Reached skill level 7 in Maces & Flails
  4636 | D:5      | Found a bloodstained altar of Trog.
  5087 | D:5      | Reached skill level 8 in Maces & Flails
  5266 | D:5      | Found a staircase to the Ecumenical Temple.
  5344 | D:5      | Reached XP level 8. HP: 22/49 MP: 8/8
  5795 | Temple   | Entered the Ecumenical Temple
  6101 | D:5      | Reached skill level 9 in Maces & Flails
  6791 | D:5      | Found a glowing golden altar of the Shining One.
  6791 | D:5      | Found a glowing silver altar of Zin.
  6791 | D:5      | Found a white marble altar of Elyvilon.
  6892 | D:6      | Reached skill level 10 in Maces & Flails
  7298 | D:6      | HP: 1/49 [orc priest/divine providence (11)]
  7713 | D:5      | Reached XP level 9. HP: 41/54 MP: 9/9
  8025 | D:6      | Reached skill level 11 in Maces & Flails
  8127 | D:6      | Found Woach's Armour Shop.
  8679 | D:7      | Noticed Prince Ribbit
  8766 | D:7      | You fall into a shaft and drop 2 floors!
  8768 | D:9      | Found a snail-covered altar of Cheibriados.
  8768 | D:9      | Found a broken altar of Ashenzari.
  8948 | D:7      | Noticed Maggie
  8996 | D:7      | Killed Maggie
  8997 | D:7      | Reached skill level 12 in Maces & Flails
 10041 | D:8      | Noticed Erica
 10057 | D:8      | Slain by Erica

Illustrated notes

Levels and vault maps discovered:
D:1:      minmay_arrival_plants_in_alcoves, layout_basic
D:2:      wander_river, layout_basic, basic_altar, serial_shops,
          nicolae_shop_statue_plus, nicolae_shop_hallway_plus,
          minmay_goblin_kobold_house
D:3:      layout_loops_cross, mainiacjoe_overflow_cross_hatched,
          shapermc_ecumenical_altar_ellora
D:4:      layout_loops_ring, serial_rivers, chequers_serial_rivers_micro_c,
          chequers_serial_rivers_small_a, chequers_serial_rivers_large_b,
          chequers_serial_rivers_micro_e, chequers_serial_rivers_marsh
D:5:      layout_loops_ring, dreamdust_divine_triumvirate,
          mainiacjoe_overflow_brackets, minmay_temple_entry_glass, uniq_sigmund
D:6:      layout_rooms, serial_shops, nicolae_square_shop, roderic_malta_cross,
          serial_bayou_ford_a
D:7:      layout_rooms, minmay_misc_feat_more_columns, uniq_prince_ribbit1,
          uniq_maggie
D:8:      layout_basic, david_lair_shrubbed, uniq_amaemon, uniq_erica
D:9:      layout_rooms, kennysheep_vampire_church, old_standard_altar,
          gammafunk_temple_overflow_statue, general_overflow_altar,
          hangedman_decor_peaks_small
Temple:   nicolae_temple_little_seven

Skill      XL: |  1  2  3  4  5  6  7  8  9 |
---------------+----------------------------+-----
Fighting       | 4 5 |  5.0
Maces & Flails | 3 4 5 6 8 10 12 | 12.7
Armour         | |  3.2
Shields        | |  3.2

Action                   |  1- 3 |  4- 6 |  7- 9 || total
-------------------------+-------+-------+-------++-------
Melee: Flail             |   148 |   153 |   425 ||   726
       Mace              |       |       |    31 ||    31
  Use: Scroll            |       |       |     7 ||     7
       Potion            |       |       |     5 ||     5
Armor: Scale mail        |    87 |    96 |   213 ||   396
Dodge: Dodged            |    68 |    76 |   142 ||   286
Block: Buckler           |    36 |    40 |    75 ||   151
